 Dungeon Crawl Stone Soup version 0.19.4-12-gccf7e64 (webtiles) character file.

1045 Magnus the Magician (level 8, -4/58 HPs)
             Began as a Mummy Monk on Feb 27, 2017.
             Was a Believer of Kikubaaqudgha.
             Slain by a hornet (11 damage)
             ... on level 6 of the Dungeon.
             The game lasted 00:18:20 (7680 turns).

Magnus the Magician (Mummy Monk)                    Turns: 7680, Time: 00:18:20

Health: -4/58      AC:  6    Str: 14    XL:     8   Next: 4%
Magic:  16/16      EV: 13    Int:  9    God:    Kikubaaqudgha [**....]
Gold:   263        SH:  0    Dex: 17    Spells: 1 memorised, 16 levels left

rFire  x . .     SeeInvis .     f - +3 dagger (venom)
rCold  + . .     Gourm    .     b - +0 robe
rNeg   + + +     Faith    .     (no shield)
rPois  ∞         Spirit   .     (no helmet)
rElec  .         Reflect  .     k - +0 cloak
rCorr  .         Harm     .     (no gloves)
MR     +....                    c - +2 pair of boots
Stlth  ++........               (no amulet)
                                (no ring)
                                (no ring)

@: no status effects
A: no food or potions, fire vulnerability, cold resistance 1, negative energy
resistance 3, torment resistance, unbreathing
a: Receive Corpses, Renounce Religion


You were on level 6 of the Dungeon.
You worshipped Kikubaaqudgha.
Kikubaaqudgha was pleased with you.
You were not hungry.

You visited 1 branch of the dungeon, and saw 6 of its levels.

You collected 263 gold pieces.

Inventory:

Hand Weapons
 a - a +0 falchion
 f - a +3 dagger of venom (weapon)
Armour
 b - a +0 robe (worn)
 c - a +2 pair of boots (worn)
 k - a +0 cloak (worn)
Magical Staves
 p - an uncursed staff of power
Jewellery
 l - an uncursed amulet of faith {unknown}
 q - a cursed -3 ring of dexterity
Scrolls
 e - a scroll of enchant weapon
 g - 2 scrolls of fog
 h - 3 scrolls of identify
Books
 m - Kikubaaqudgha's Incunabulum of Darkness
   (Kikubaaqudgha gifted it to you on level 3 of the Dungeon)

   Spells                             Type                      Level
   a - Animate Skeleton               Necromancy                   1
   b - Pain                           Necromancy                   1
   c - Corpse Rot                     Necromancy                   2
   d - Vampiric Draining              Necromancy                   3
   e - Control Undead                 Necromancy                   4


   Skills:
 - Level 3.0 Fighting
 - Level 4.6 Long Blades
 - Level 2.4 Dodging
 - Level 1.5 Stealth
 + Level 5.4 Spellcasting
 - Level 5.0 Necromancy


You had 16 spell levels left.
You knew the following spells:

 Your Spells              Type           Power        Failure   Level  Hunger
a - Pain                  Necr           ##..         3%          1    N/A

Dungeon Overview and Level Annotations

Branches:
Dungeon (6/15)             Temple (0/1) D:4

Altars:
Ashenzari
Cheibriados
Dithmenos
Elyvilon
Fedhas
Gozag
Kikubaaqudgha
Makhleb
Nemelex Xobeh
Ru

Annotations:
D:6 Edmund


Innate Abilities, Weirdness & Mutations

You do not eat or drink.
Your flesh is vulnerable to fire.
You are immune to poison.
Your flesh is cold resistant. (rC+)
You are immune to negative energy. (rN+++)
You are immune to unholy pain and torment.
You can survive without breathing.


Message History

Unknown command.
You barely miss the hornet.
The hornet stings you but does no damage.
Unknown command.
You barely miss the hornet. The hornet closely misses you.
The hornet barely misses you.
Unknown command.
You hit the hornet but do no damage.
The hornet is poisoned.
The hornet stings you.
* * * LOW HITPOINT WARNING * * *
Unknown command.
The hornet barely misses you. The hornet stings you.
* * * LOW HITPOINT WARNING * * *
The hornet barely misses you.
The hornet stings you but does no damage.
The hornet stings you but does no damage.
The hornet stings you!
You die...
Kikubaaqudgha rasps: "You have failed me!
Welcome... oblivion!"

.# #...# .# #.#.# #### #...# ...#
##.## ##.# #.# .#.# ##.######
...###.......#
.......#.#...##################
######.._..#.#..@y@r.......§..#
#.#.#...<...##.####.####.#
#.#..##)#...##...##..###§##
#.......#######........§@§#
#.......# ##.#.#.#.#.#.##
#.......# #.............#
######.##.##%######.#.#.#.#.#.#.#
.....#.##.##.#..................#
*#.....##.##.#......[###.#.######


You could see Edmund, a hornet and a quokka.

Vanquished Creatures
  Eustachio (D:6)
  Menkaure (D:6)
  2 sky beasts
  2 scorpions
  2 hounds
  An orc priest (D:4)
  A bullfrog skeleton (D:5)
  An iron imp (D:5)
  2 orc wizards
  2 iguanas
  A worker ant (D:4)
  A hound zombie (D:6)
  4 gnolls
  6 adders
  A shadow imp (D:6)
  2 oozes
  An adder zombie (D:5)
  An adder skeleton (D:5)
  2 worms (D:2)
  5 dart slugs
  2 leopard geckos (D:2)
  13 orcs
  2 giant cockroaches (D:1)
  6 goblins
  3 hobgoblins
  8 jackals
  8 kobolds
  A quokka (D:2)
  A ball python (D:2)
  4 bats
  4 frilled lizards
  2 quokka skeletons
  7 rats
100 creatures vanquished.

Vanquished Creatures (others)
  A kobold (D:3)
1 creature vanquished.

Grand Total: 101 creatures vanquished

Notes
Turn   | Place    | Note
-------+----------+-------------------------------------------
     0 | D:1      | Magnus the Mummy Monk began the quest for the Orb.
     0 | D:1      | Reached XP level 1. HP: 18/18 MP: 1/1
   405 | D:1      | Reached XP level 2. HP: 20/24 MP: 2/2
  1212 | D:2      | Found a faded altar of an unknown god.
  1222 | D:2      | Reached XP level 3. HP: 27/29 MP: 3/3
  1791 | D:2      | Found a shattered altar of Ashenzari.
  1975 | D:2      | Reached XP level 4. HP: 21/35 MP: 4/4
  2893 | D:3      | Found a white marble altar of Elyvilon.
  3047 | D:3      | Found an ancient bone altar of Kikubaaqudgha.
  3103 | D:3      | Became a worshipper of Kikubaaqudgha
  3103 | D:3      | Reached * piety under Kikubaaqudgha
  3103 | D:3      | Identified Kikubaaqudgha's Incunabulum of Darkness (Kikubaaqudgha gifted it to you on level 3 of the Dungeon)
  3103 | D:3      | Received a gift from Kikubaaqudgha
  3103 | D:3      | Reached ** piety under Kikubaaqudgha
  3197 | D:3      | Noticed a sky beast
  3264 | D:3      | Killed a sky beast
  3264 | D:3      | Reached XP level 5. HP: 4/41 MP: 5/5
  3283 | D:4      | Found a burning altar of Makhleb.
  3283 | D:4      | Found an opulent altar of Gozag.
  3283 | D:4      | Found a sacrificial altar of Ru.
  3561 | D:4      | Learned a level 1 spell: Pain
  3660 | D:4      | Reached XP level 6. HP: 40/47 MP: 0/6
  3787 | D:3      | Found a shadowy altar of Dithmenos.
  4403 | D:4      | Found a blossoming altar of Fedhas.
  4426 | D:4      | Found a staircase to the Ecumenical Temple.
  5472 | D:4      | Reached skill level 5 in Necromancy
  5605 | D:5      | Entered Level 5 of the Dungeon
  5605 | D:5      | Found a snail-covered altar of Cheibriados.
  5803 | D:5      | Reached skill level 1 in Spellcasting
  5964 | D:5      | Reached XP level 7. HP: 37/52 MP: 0/9
  6640 | D:6      | Found a sparkling altar of Nemelex Xobeh.
  6641 | D:6      | Noticed Menkaure
  6666 | D:6      | Killed Menkaure
  7136 | D:6      | Noticed Eustachio
  7234 | D:6      | Killed Eustachio
  7504 | D:6      | Reached skill level 5 in Spellcasting
  7584 | D:6      | Reached XP level 8. HP: 27/58 MP: 14/16
  7589 | D:6      | Noticed Edmund
  7648 | D:6      | Noticed a hornet
  7680 | D:6      | Slain by a hornet

Skill      XL: |  1  2  3  4  5  6  7 |
---------------+----------------------+-----
Long Blades    | 3 4 |  4.6
Necromancy     | 2 3 5 |  5.0
Spellcasting   | 1 5 |  5.4
Fighting       | |  3.0
Dodging        | |  2.4
Stealth        | |  1.5

Action                   |  1- 3 |  4- 6 |  7- 9 || total
-------------------------+-------+-------+-------++-------
Melee: Falchion          |    10 |       |       ||    10
       Dagger            |    75 |   169 |   130 ||   374
 Cast: Pain              |       |    57 |    29 ||    86
  Use: Scroll            |       |     1 |     9 ||    10
 Stab: Sleeping          |     5 |     4 |     1 ||    10
       Distracted        |       |       |     1 ||     1
Armor: Robe              |    10 |    23 |    42 ||    75
Dodge: Dodged            |    47 |    84 |   116 ||   247
       Rpst.: Falchion   |     1 |       |       ||     1
